 Dungeon Sprint DCSS version 0.26-a0-662-g8b9c6dab81 (webtiles) character file.

Game seed: 12966645410106424076

12076 mhtbhm the Sorcerer (level 11, -7/56 HPs)
             Began as a Deep Elf Earth Elementalist on Oct 9, 2020.
             Was the Champion of Vehumet.
             Mangled by a small abomination (22 damage)
             ... created by a deep elf death mage
             ... in the Dungeon (Sprint III: "The Ten Rune Challenge").
             The game lasted 00:06:38 (1999 turns).

mhtbhm the Sorcerer (Deep Elf Earth Elementalist)   Turns: 1999, Time: 00:06:38

Health: -7/56      AC:  3    Str:  5    XL:     11   Next: 57%
Magic:  6/40       EV: 16    Int: 24    God:    Vehumet [******]
Gold:   3075       SH:  0    Dex: 15    Spells: 36/56 levels left

rFire    . . .     SeeInvis .   r - +3 quarterstaff (chaos)
rCold    . . .     Faith    .   (shield currently unavailable)
rNeg     . . .     Spirit   .   c - +0 robe
rPois    .         Reflect  .   (no helmet)
rElec    .         Harm     .   q - +0 cloak (curse)
rCorr    .         Rampage  .   (no gloves)
MR       +....     NoTele   +   (no boots)
Stlth    ++........             (no amulet)
HPRegen  0.18/turn              (no ring)
MPRegen  0.27/turn              (no ring)

@: no status effects
A: sturdy frame 1
a: Renounce Religion


You were in the Dungeon.
You worshipped Vehumet.
Vehumet was exalted by your worship.
You visited 1 branch You collected 3075 gold pieces.

Inventory:

Hand Weapons
 r - a +3 quarterstaff of chaos (weapon)
Missiles
 b - 7 stones (quivered)
Armour
 c - a +0 robe (worn)
 q - a cursed +0 cloak (worn)
Scrolls
 i - a scroll of blinking
 j - a scroll of immolation {unknown}
 k - 3 scrolls of identify
 l - a scroll of magic mapping {unknown}
 m - a scroll of torment {unknown}
 n - a scroll of fog {unknown}
Potions
 a - 5 potions of flight
 d - 2 potions of curing
 f - a potion of haste
 g - 2 potions of magic
 h - 2 potions of berserk rage
 o - 2 potions of mutation
 p - a potion of degeneration {unknown}
 s - a potion of might
Miscellaneous
 t - a condenser vane (2/2)


   Skills:
 + Level 1.1 Fighting
 + Level 6.2 Dodging
 - Level 2.8 Stealth
 + Level 23.1 Spellcasting
 + Level 4.1 Conjurations
 - Level 1.1 Transmutations
 + Level 20.4 Earth Magic
 + Level 2.2 Evocations


You had 36 spell levels left.
You knew the following spells:

 Your Spells              Type           Power        Failure   Level
a - Sandblast             Erth           ######       0%          1
b - Passwall              Tmut/Erth      ######..     1%          2
c - Stone Arrow           Conj/Erth      ######       1%          3
d - Lee's Rapid Deconstr  Erth           #######...   0%          5
e - Petrify               Tmut/Erth      ######..     1%          4
f - Bolt of Magma         Conj/Fire/Erth ######....   1%          5

Your spell library contained the following spells:

 Spells                   Type           Power        Failure   Level
 Fulminant Prism          Conj/Hex       #####.....   1%          4
 Animate Skeleton         Necr           ####..       1%          1
 Apportation              Tloc           ####..       1%          1
 Corona                   Hex            ####...      1%          1
 Summon Small Mammal      Summ           ####         1%          1


Dungeon Overview and Level Annotations

Branches:
Dungeon (1/1)

Altars:
Cheibriados
Dithmenos
Elyvilon
Fedhas
Gozag
Hepliaklqana
Kikubaaqudgha
Makhleb
Nemelex Xobeh
Okawaru
Qazlal
Ru
Sif Muna
Trog
Uskayaw
Vehumet
Wu Jian
Xom
Yredelemnul
Zin
The Shining One
Beogh
Jiyva
Lugonu

Shops:
D [


Innate Abilities, Weirdness & Mutations

Your movements are slightly less encumbered by armour. (ER -2)


Message History

The blast of sand hits the small abomination.
The small abomination is moderately damaged.
b - 7 stones The small abomination misses you.
The small abomination hits you!! The small abomination hits you!!
* * * LOW HITPOINT WARNING * * *
A deep elf demonologist comes into view.
It is wearing a +0 robe of cold resistance.
The deep elf demonologist mumbles some strange words.
There is an open door here.
You feel much better. The small abomination hits you!
* * * LOW HITPOINT WARNING * * *
The deep elf demonologist casts a spell.
Casting: Sandblast (safe; 0% risk of failure)
Confirm with . or Enter, or press ? or * to list all spells.
Aiming: Petrify (safe; 1% risk of failure)
Press: ? - help, Shift-Dir - straight line, f/p - small abomination
Aim: a small abomination (moderately damaged, chance to defeat MR: 64%)
The small abomination struggles to resist.
The small abomination hits you!!
You die...

▓▓▓▓▓▓ ########..#.######### ##
#__##..∩#_#...'.#...# 1[.
#._#..[.[.....#.#...##≈§≈
#'##..))....#.#.#...≈≈≈e.
...#........#.#)#)..##≈
...#))##......#.@x..#
##'#)##..####.#######
...#)###########################
...#..§≈≈§.#()(..')#.#.#.††..†≈#
...#.#§≈§#.#.#...##.#.#.##...†≈#
...'.#§§§#.#.#)..#.#.#.#.#.†††≈≈≈
...#.#§.§#..(#...##.#.#.##..†≈≈≈≈
▓▓▓▓▓▓▓▓▓▓▓▓▓▓▓▓▓#.#.#.#.#.......
≈≈≈........≈≈≈...##.#.#.##.......


You could see a Tzitzimitl (summoned), a deep elf demonologist and a small
abomination.

Vanquished Creatures
  A deep elf demonologist (D)
  Snorg (D)
  A deep elf death mage (D)
  A deep elf high priest (D)
  A centaur warrior (D)
  An orc high priest (D)
  2 deep elf knights (D)
  An unseen horror (D)
  An orc knight (D)
  5 deep elf magi (D)
  3 wandering mushrooms (D)
  A queen bee (D)
  A shadow (D)
  A spatial vortex (D)
  An orc warrior (D)
  A necrophage (D)
  2 centaurs (D)
  An earth elemental (D)
  A water elemental (D)
  32 killer bees (D)
  A jelly (D)
  An orc priest (D)
  Crazy Yiuf (D)
  An orc wizard (D)
  A wizard (D)
  A necromancer (D)
  A kobold demonologist (D)
  3 humans (D)
  2 oozes (D)
  13 orcs (D)
  2 rats (D)
  A crawling corpse (D)
87 creatures vanquished.

Vanquished Creatures (others)
  3 plants (D)
3 creatures vanquished.

Grand Total: 90 creatures vanquished

Notes
Turn   | Place    | Note
-------+----------+-------------------------------------------
     0 | D        | mhtbhm the Deep Elf Earth Elementalist began the quest for
                  | the Orb.
     0 | D        | Reached XP level 1. HP: 10/10 MP: 6/6
    33 | D        | Reached XP level 2. HP: 15/15 MP: 6/8
    55 | D        | Learned a level 2 spell: Passwall
    78 | D        | Gained mutation: You are frail. (-10% HP) [potion of
                  | mutation]
    78 | D        | Gained mutation: Your spells are a little harder to cast,
                  | but a little more powerful. [potion of mutation]
    78 | D        | Gained mutation: You are agile. (Dex +2) [potion of
                  | mutation]
    79 | D        | Lost mutation: You are agile. (Dex +2) [potion of mutation]
    79 | D        | Lost mutation: Your spells are a little harder to cast, but
                  | a little more powerful. [potion of mutation]
    79 | D        | Lost mutation: You are frail. (-10% HP) [potion of
                  | mutation]
    79 | D        | Gained mutation: You can translocate small distances at
                  | will. [potion of mutation]
    79 | D        | Lost mutation: You can translocate small distances at will.
                  | [potion of mutation]
    79 | D        | Gained mutation: Your movements are slightly less
                  | encumbered by armour. (ER -2) [potion of mutation]
   108 | D        | Reached skill level 4 in Spellcasting
   152 | D        | Noticed Crazy Yiuf
   155 | D        | Killed Crazy Yiuf
   155 | D        | Reached skill level 5 in Spellcasting
   155 | D        | Reached XP level 3. HP: 19/19 MP: 7/11
   206 | D        | Learned a level 3 spell: Stone Arrow
   239 | D        | Noticed a water elemental
   247 | D        | Killed a water elemental
   247 | D        | Reached skill level 7 in Spellcasting
   247 | D        | Reached XP level 4. HP: 8/24 MP: 8/15
   456 | D        | Found a radiant altar of Vehumet.
   456 | D        | Found a shimmering blue altar of Sif Muna.
   456 | D        | Found an ancient bone altar of Kikubaaqudgha.
   456 | D        | Noticed a wizard
   458 | D        | Killed a wizard
   458 | D        | Reached skill level 8 in Spellcasting
   458 | D        | Reached XP level 5. HP: 25/28 MP: 13/17
   472 | D        | Became a worshipper of Vehumet
   479 | D        | Learned a level 5 spell: Lee's Rapid Deconstruction
   484 | D        | Learned a level 4 spell: Petrify
   518 | D        | Found a basalt altar of Yredelemnul.
   518 | D        | Found a shadowy altar of Dithmenos.
   518 | D        | Found a sacrificial altar of Ru.
   518 | D        | Noticed a necrophage
   520 | D        | Reached skill level 9 in Spellcasting
   521 | D        | Killed a necrophage
   521 | D        | Reached skill level 5 in Dodging
   521 | D        | Reached skill level 10 in Spellcasting
   521 | D        | Reached skill level 10 in Earth Magic
   521 | D        | Reached XP level 6. HP: 27/31 MP: 5/21
   620 | D        | Found a hide-covered altar of Uskayaw.
   620 | D        | Found a roughly hewn altar of Beogh.
   620 | D        | Found an iron altar of Okawaru.
   620 | D        | Found a bloodstained altar of Trog.
   620 | D        | Found an ornate altar of the Wu Jian Council.
   620 | D        | Noticed a human
   620 | D        | Noticed a human
   622 | D        | Killed a human
   622 | D        | Reached * piety under Vehumet
   622 | D        | Offered knowledge of Foxfire by Vehumet.
   622 | D        | Reached skill level 11 in Spellcasting
   623 | D        | Killed a human
   623 | D        | Reached skill level 12 in Spellcasting
   623 | D        | Reached skill level 1 in Conjurations
   623 | D        | Reached XP level 7. HP: 36/36 MP: 6/25
   723 | D        | Found a glowing silver altar of Zin.
   723 | D        | Found a glowing golden altar of the Shining One.
   723 | D        | Found a white marble altar of Elyvilon.
   723 | D        | Noticed a deep elf mage
   726 | D        | Killed a deep elf mage
   726 | D        | Reached skill level 1 in Fighting
   726 | D        | Reached skill level 14 in Spellcasting
   818 | D        | Noticed a shadow
   820 | D        | Reached ** piety under Vehumet
   820 | D        | Offered knowledge of Shock by Vehumet.
   822 | D        | Killed a shadow
   822 | D        | Reached skill level 15 in Spellcasting
   822 | D        | Reached XP level 8. HP: 42/42 MP: 12/29
   901 | D        | Found a blossoming altar of Fedhas.
   901 | D        | Found a stormy altar of Qazlal.
   901 | D        | Found a snail-covered altar of Cheibriados.
   901 | D        | Found a burning altar of Makhleb.
   901 | D        | Found a shimmering altar of Xom.
   902 | D        | Found a hazy altar of Hepliaklqana.
   902 | D        | Found an opulent altar of Gozag.
   902 | D        | Found a sparkling altar of Nemelex Xobeh.
   902 | D        | Found a corrupted altar of Lugonu.
   902 | D        | Found a viscous altar of Jiyva.
   963 | D        | Noticed Snorg
   979 | D        | Killed Snorg
   979 | D        | Offered knowledge of Conjure Flame by Vehumet.
   979 | D        | Reached skill level 17 in Spellcasting
   979 | D        | Reached skill level 1 in Evocations
   979 | D        | Reached XP level 9. HP: 46/46 MP: 23/32
  1027 | D        | Reached *** piety under Vehumet
  1066 | D        | Reached skill level 15 in Earth Magic
  1070 | D        | Noticed a centaur warrior
  1072 | D        | Killed a centaur warrior
  1072 | D        | Reached skill level 18 in Spellcasting
  1145 | D        | Killed an unseen horror
  1145 | D        | Reached **** piety under Vehumet
  1264 | D        | Noticed a wandering mushroom
  1269 | D        | Noticed a wandering mushroom
  1273 | D        | Killed a wandering mushroom
  1273 | D        | Offered knowledge of Iskenderun's Mystic Blast by Vehumet.
  1273 | D        | Reached skill level 19 in Spellcasting
  1274 | D        | Noticed a wandering mushroom
  1279 | D        | Killed a wandering mushroom
  1279 | D        | Reached XP level 10. HP: 51/51 MP: 20/35
  1396 | D        | Reached ***** piety under Vehumet
  1397 | D        | Reached ****** piety under Vehumet
  1397 | D        | Reached skill level 20 in Spellcasting
  1412 | D        | Offered knowledge of Bolt of Magma by Vehumet.
  1533 | D        | Learned a level 5 spell: Bolt of Magma
  1543 | D        | Offered knowledge of Iron Shot by Vehumet.
  1629 | D        | Found Fihystiel's Armour Shop.
  1629 | D        | Noticed an orc knight
  1630 | D        | Found a roughly hewn altar of Beogh.
  1634 | D        | Noticed an orc high priest
  1639 | D        | Killed an orc knight
  1640 | D        | Killed an orc high priest
  1640 | D        | Reached skill level 21 in Spellcasting
  1922 | D        | Noticed a deep elf mage
  1922 | D        | Noticed a deep elf knight
  1922 | D        | Noticed a deep elf mage
  1922 | D        | Noticed a deep elf knight
  1922 | D        | Noticed a deep elf mage
  1928 | D        | Killed a deep elf mage
  1930 | D        | Killed a deep elf knight
  1930 | D        | Reached XP level 11. HP: 55/55 MP: 33/38
  1933 | D        | Killed a deep elf knight
  1933 | D        | Offered knowledge of Fulminant Prism by Vehumet.
  1934 | D        | Killed a deep elf mage
  1934 | D        | Killed a deep elf mage
  1934 | D        | Reached skill level 22 in Spellcasting
  1981 | D        | Noticed a deep elf mage
  1982 | D        | Noticed a deep elf demonologist
  1984 | D        | Noticed a deep elf high priest
  1985 | D        | Killed a deep elf demonologist
  1988 | D        | Killed a deep elf high priest
  1988 | D        | Identified the +1 triple sword of Equilibrium {freeze,
                  | +Blink Str+4 Int-4 Dex+4}
  1988 | D        | Noticed a deep elf death mage
  1989 | D        | Killed a deep elf mage
  1992 | D        | Noticed a small abomination
  1994 | D        | Killed a deep elf death mage
  1994 | D        | Reached skill level 23 in Spellcasting
  1996 | D        | HP: 2/55 [small abomination[a deep elf death mage] (19)]
  1997 | D        | Noticed a deep elf demonologist
  1999 | D        | Noticed a Tzitzimitl
  1999 | D        | Mangled by a small abomination

Illustrated notes

Levels and vault maps discovered:
D:        dungeon_sprint_mu [sprint_mu_entry_forest, sprint_mu_temple_rooms,
          sprint_mu_d1_horrors, sprint_mu_d2_genie, sprint_mu_d3_branching,
          sprint_mu_orc_legion, sprint_mu_elf_gauntlet, sprint_mu_hive_nellie,
          sprint_mu_lair_fedhas, sprint_mu_vaults_butterflies,
          sprint_mu_slime_circle, sprint_mu_swamp_cave, sprint_mu_shoals_kraken,
          sprint_mu_blade_basic, sprint_mu_crypt_chambers,
          sprint_mu_tomb_spiral, sprint_mu_vestibule_basic,
          sprint_mu_gehenna_hellfire, sprint_mu_dis_giant,
          sprint_mu_tartarus_statrot, sprint_mu_cocytus_islands, sprint_mu_zot1]

Skill      XL: |  1  2  3  4  5  6  7  8  9 10 11 |
---------------+----------------------------------+-----
Earth Magic    | 4 6 8 10 11 13 14 16 18 20 | 20.4
Dodging        | 3 4 5 6 |  6.2
Spellcasting   | 5 7 8 10 12 15 17 19 21 23 | 23.1
Conjurations   | 1 2 4 |  4.1
Fighting       | 1 |  1.1
Evocations     | 1 2 |  2.2
Stealth        | |  2.8
Transmutations | |  1.1

Action                   |  1- 3 |  4- 6 |  7- 9 | 10-12 || total
-------------------------+-------+-------+-------+-------++-------
Melee: Quarterstaff      |     3 |     1 |     1 |     1 ||     6
 Cast: Sandblast         |    15 |     6 |       |     2 ||    23
       Passwall          |     3 |       |       |       ||     3
       Lee's Rapid Decon |       |     4 |    24 |    30 ||    58
       Stone Arrow       |       |     1 |     7 |     7 ||    15
       Petrify           |       |       |     1 |     2 ||     3
Evoke: Condenser vane    |       |       |     2 |     3 ||     5
  Use: Potion            |     2 |       |     1 |     1 ||     4
Armor: Robe              |     1 |       |     1 |     1 ||     3
Dodge: Dodged            |     2 |     1 |     3 |    10 ||    16

Table legend: (Time is in decaauts)
 A = Elapsed time spent in this place.
 B = Non-inter-level travel time spent in this place.
 C = Inter-level travel time spent in this place.
 D = Time resting spent in this place.
 E = Time spent auto-exploring this place.
 F = Levels seen in this place.
 G = Mean time per level.
                   A        B        C        D        E       F      G
               +--------+--------+--------+--------+--------+-----+--------+
         Total |   2013 |   2013 |      0 |   1433 |      1 |   1 | 2013.0 |
       Dungeon |   2013 |   2013 |      0 |   1433 |      1 |   1 | 2013.0 |
               +--------+--------+--------+--------+--------+-----+--------+

Top non-repeatable levels by time:
       D: 2013 daAuts
